[Event "7th Iberoamerican-ch 2019"]
[Site "Linares"]
[Date "2019.08.13"]
[Round "4.14"]
[White "Krysa, Leandro"]
[Black "Matnadze, Ana"]
[Result "1-0"]
[ECO "A18"]
[WhiteElo "2517"]
[BlackElo "2363"]
[Annotator "ChessBase"]
[PlyCount "95"]
[EventDate "2019.08.10"]
[EventType "swiss"]
[EventCountry "ESP"]
[SourceTitle "playchess.com"]
[Source "ChessBase"]
[SourceQuality "1"]
[TimeControl "5400+30"]

1. c4 Nf6 2. Nc3 e6 3. e4 d6 4. d4 g6 5. Be2 Bg7 6. Bg5 h6 7. Be3 b6 8. Qd2 Bb7 9. f3 Nbd7 10. Nh3 e5 11. d5 a5 12. Bd1 Ba6 13. b3 Nh5 14. O-O Nc5 15. Rb1 Bc8 16. Nf2 f5 17. exf5 Bxf5 18. Bc2 Nf6 19. a3 Kf7 20. b4 Bxc2 21. Qxc2 Ncd7 22. Nfe4 axb4 23. axb4 Kg8 24. c5 bxc5 25. bxc5 dxc5 26. Bxc5 Kh7 27. Rfd1 Nh5 28. Be3 Rf8 29. Nb5 Rc8 30. Na7 Ra8 31. Rb7 Ndf6 32. Nxf6+ Qxf6 33. Qxc7 Nf4 34. Qe7 Ne2+ 35. Kf1 Nc3 36. Rd3 Ne4 37. d6 Rad8 38. Qxf6 Rxf6 39. d7 Nd6 40. Rc7 e4 41. Rd1 Nf5 42. Bc5 exf3 43. Nc6 fxg2+ 44. Kxg2 Nh4+ 45. Kh1 Rxd7 46. Rdxd7 Rf1+ 47. Bg1 Nf5 48. Nd4 1-0

[Event "7th Iberoamerican-ch 2019"]
[Site "Linares"]
[Date "2019.08.13"]
[Round "4.15"]
[White "Cuenca Jimenez, Jose Fernando"]
[Black "Sos Andreu, Eric"]
[Result "1-0"]
[ECO "A05"]
[WhiteElo "2534"]
[BlackElo "2343"]
[Annotator "ChessBase"]
[PlyCount "105"]
[EventDate "2019.08.10"]
[EventType "swiss"]
[EventCountry "ESP"]
[SourceTitle "playchess.com"]
[Source "ChessBase"]
[SourceQuality "1"]
[TimeControl "5400+30"]

1. Nf3 Nf6 2. c4 g6 3. Nc3 d5 4. cxd5 Nxd5 5. Qb3 Nb6 6. d4 Bg7 7. Bf4 Be6 8. Qa3 Nc6 9. e3 O-O 10. Be2 Bc4 11. Bxc4 Nxc4 12. Qc5 Nb6 13. O-O e6 14. Rac1 Re8 15. Rfd1 Qe7 16. Ne4 Nd5 17. Bg3 Bf8 18. Qc2 Rac8 19. a3 Qd7 20. Qb3 Na5 21. Qd3 f5 22. Ned2 Bd6 23. b4 Nc6 24. Nc4 Bxg3 25. hxg3 Nf6 26. b5 Ne7 27. Na5 c6 28. bxc6 Nxc6 29. Nxc6 Rxc6 30. Ne5 Rxc1 31. Nxd7 Rxd1+ 32. Qxd1 Nxd7 33. Qa4 Nf6 34. Qxa7 Re7 35. f3 Kf7 36. Qb8 Rd7 37. Kf2 Re7 38. a4 Rd7 39. a5 Re7 40. Ke2 h5 41. Qc8 Ne8 42. Kd3 Rc7 43. Qd8 Re7 44. e4 fxe4+ 45. fxe4 Nf6 46. e5 Ne8 47. Kc4 Ng7 48. Kc5 Ne8 49. Kb6 Kf8 50. Qc8 Kf7 51. Qxb7 Rxb7+ 52. Kxb7 Ke7 53. Kc8 1-0

[Event "7th Iberoamerican-ch 2019"]
[Site "Linares"]
[Date "2019.08.13"]
[Round "4.16"]
[White "Matamoros Franco, Carlos S."]
[Black "Lianes Garcia, Marcos"]
[Result "1/2-1/2"]
[ECO "D45"]
[WhiteElo "2498"]
[BlackElo "2346"]
[Annotator "ChessBase"]
[PlyCount "37"]
[EventDate "2019.08.10"]
[EventType "swiss"]
[EventCountry "ESP"]
[SourceTitle "playchess.com"]
[Source "ChessBase"]
[SourceQuality "1"]
[TimeControl "5400+30"]

1. c4 c6 2. Nf3 d5 3. e3 Nf6 4. Nc3 e6 5. d4 Nbd7 6. Bd2 Bd6 7. Bd3 O-O 8. O-O dxc4 9. Bxc4 e5 10. Qc2 exd4 11. exd4 Nb6 12. Bb3 Nfd5 13. Rae1 Nxc3 14. bxc3 Qf6 15. Qc1 h6 16. c4 Bg4 17. c5 Bxf3 18. gxf3 Qg6+ 19. Kh1 1/2-1/2

[Event "7th Iberoamerican-ch 2019"]
[Site "Linares"]
[Date "2019.08.13"]
[Round "4.17"]
[White "Cruz Ravina, Francisco Javier"]
[Black "Espinosa Aranda, Angel"]
[Result "0-1"]
[ECO "B53"]
[WhiteElo "2363"]
[BlackElo "2488"]
[Annotator "ChessBase"]
[PlyCount "86"]
[EventDate "2019.08.10"]
[EventType "swiss"]
[EventCountry "ESP"]
[SourceTitle "playchess.com"]
[Source "ChessBase"]
[SourceQuality "1"]
[TimeControl "5400+30"]

1. e4 c5 2. Nf3 d6 3. d4 cxd4 4. Qxd4 Nf6 5. e5 Nc6 6. Bb5 Qa5+ 7. Nc3 Qxb5 8. Nxb5 Nxd4 9. Nbxd4 dxe5 10. Nxe5 Nd5 11. c4 Nc7 12. f4 f6 13. Nef3 e6 14. O-O b6 15. Re1 Kf7 16. Be3 Bb7 17. Rad1 Be7 18. Kf2 Rhd8 19. b3 Na6 20. Nb5 Bb4 21. Rf1 Nc5 22. Bxc5 Bxc5+ 23. Ke2 Ke7 24. g3 Be4 25. Nc3 Bc2 26. Rd2 Rxd2+ 27. Nxd2 Rd8 28. Rc1 Bf5 29. Nde4 Ba3 30. Rc2 Bb4 31. Rc1 Bg4+ 32. Ke1 a5 33. Nf2 Bf3 34. Rc2 h6 35. Kf1 g5 36. fxg5 hxg5 37. Nb1 Bh5 38. a3 Bg6 39. Rc1 Bc5 40. Ke2 f5 41. h3 f4 42. gxf4 gxf4 43. Rg1 f3+ 0-1

[Event "7th Iberoamerican-ch 2019"]
[Site "Linares"]
[Date "2019.08.13"]
[Round "4.18"]
[White "Moreno Ruiz, Javier"]
[Black "Rodriguez Perez, Angel Mariano"]
[Result "1-0"]
[ECO "D86"]
[WhiteElo "2473"]
[BlackElo "2223"]
[Annotator "ChessBase"]
[PlyCount "101"]
[EventDate "2019.08.10"]
[EventType "swiss"]
[EventCountry "ESP"]
[SourceTitle "playchess.com"]
[Source "ChessBase"]
[SourceQuality "1"]
[TimeControl "5400+30"]

1. d4 Nf6 2. c4 g6 3. Nc3 d5 4. cxd5 Nxd5 5. e4 Nxc3 6. bxc3 Bg7 7. Bc4 c5 8. Ne2 Nc6 9. Be3 cxd4 10. cxd4 Qa5+ 11. Bd2 Qd8 12. Bc3 O-O 13. O-O Na5 14. Bd3 Bd7 15. Qd2 b6 16. Rac1 Nb7 17. Bb2 Rc8 18. Qb4 Na5 19. Ba6 Rxc1 20. Rxc1 Bc6 21. d5 Bxb2 22. Qxb2 Bb7 23. Bxb7 Nxb7 24. Nd4 Na5 25. h4 Qd7 26. h5 Rc8 27. h6 f6 28. Ne6 Nc4 29. Qd4 Ne5 30. Rc3 Ng4 31. f3 Nxh6 32. Qa4 Qe8 33. Rc7 Nf7 34. Qxa7 Rxc7 35. Nxc7 Qc8 36. Qxb6 f5 37. exf5 Qxf5 38. Qb8+ Kg7 39. Ne8+ Kh6 40. Qh2+ Kg5 41. Qg3+ Kh6 42. Qh4+ Qh5 43. Qxh5+ Kxh5 44. a4 Ne5 45. a5 Nc4 46. a6 Nb6 47. Nc7 Kg5 48. a7 Kf5 49. a8=Q Nxa8 50. Nxa8 Ke5 51. Nb6 1-0

[Event "7th Iberoamerican-ch 2019"]
[Site "Linares"]
[Date "2019.08.13"]
[Round "4.19"]
[White "Perez Garcia, Alejandro"]
[Black "Del Rio De Angelis, Salvador G."]
[Result "1/2-1/2"]
[ECO "E08"]
[WhiteElo "2347"]
[BlackElo "2464"]
[Annotator "ChessBase"]
[PlyCount "95"]
[EventDate "2019.08.10"]
[EventType "swiss"]
[EventCountry "ESP"]
[SourceTitle "playchess.com"]
[Source "ChessBase"]
[SourceQuality "1"]
[TimeControl "5400+30"]

1. Nf3 d5 2. g3 Nf6 3. Bg2 e6 4. c4 Be7 5. O-O O-O 6. d4 Nbd7 7. Qc2 a5 8. Nbd2 c5 9. Rd1 b6 10. cxd5 Nxd5 11. Nc4 Ba6 12. Nfe5 Nxe5 13. dxe5 Nb4 14. Rxd8 Nxc2 15. Rxa8 Rxa8 16. Bxa8 Bxc4 17. b3 Nxa1 18. bxc4 Nc2 19. Kg2 Nb4 20. a3 Na6 21. h4 Nc7 22. Bc6 Bd8 23. h5 Be7 24. g4 h6 25. Kg3 Bd8 26. f4 Be7 27. a4 g5 28. hxg6 fxg6 29. f5 gxf5 30. gxf5 exf5 31. Bxh6 Kf7 32. Bd5+ Ne6 33. Kf3 Bd8 34. e4 fxe4+ 35. Kxe4 Ke7 36. Bxe6 Kxe6 37. Bg7 Bc7 38. Bf6 Bb8 39. Bd8 Bxe5 40. Bxb6 Bc3 41. Bxc5 Be1 42. Bf8 Bf2 43. c5 Kd7 44. Kd5 Bxc5 45. Kxc5 Kc7 46. Kb5 Kb7 47. Bd6 Ka8 48. Ka6 1/2-1/2

[Event "7th Iberoamerican-ch 2019"]
[Site "Linares"]
[Date "2019.08.13"]
[Round "4.20"]
[White "Domingo Nunez, Ruben"]
[Black "Larino Nieto, David"]
[Result "1-0"]
[ECO "B10"]
[WhiteElo "2318"]
[BlackElo "2471"]
[Annotator "ChessBase"]
[PlyCount "57"]
[EventDate "2019.08.10"]
[EventType "swiss"]
[EventCountry "ESP"]
[SourceTitle "playchess.com"]
[Source "ChessBase"]
[SourceQuality "1"]
[TimeControl "5400+30"]

1. e4 c6 2. Nf3 d5 3. Nc3 g6 4. d4 Bg7 5. h3 dxe4 6. Nxe4 Nf6 7. Nxf6+ exf6 8. Bd3 O-O 9. O-O a5 10. a4 Na6 11. c3 Qd6 12. Nd2 Be6 13. Ne4 Qd5 14. Re1 Rfe8 15. Bf4 Bf5 16. Qc2 g5 17. Bg3 Re6 18. Re3 Bg6 19. Rae1 Bh6 20. Qe2 f5 21. Bc4 Qd8 22. Bxe6 fxe6 23. Nd6 f4 24. Rxe6 fxg3 25. Rxg6+ hxg6 26. Qe6+ Kh7 27. Qf7+ Bg7 28. Ne8 gxf2+ 29. Kxf2 1-0

[Event "7th Iberoamerican-ch 2019"]
[Site "Linares"]
[Date "2019.08.13"]
[Round "4.21"]
[White "Fluvia Poyatos, Jordi"]
[Black "Rodriguez Del Cerro, Ricardo"]
[Result "1-0"]
[ECO "A00"]
[WhiteElo "2455"]
[BlackElo "2235"]
[Annotator "ChessBase"]
[PlyCount "49"]
[EventDate "2019.08.10"]
[EventType "swiss"]
[EventCountry "ESP"]
[SourceTitle "playchess.com"]
[Source "ChessBase"]
[SourceQuality "1"]
[TimeControl "5400+30"]

1. g3 Nf6 2. Bg2 d5 3. Nf3 e6 4. d3 Be7 5. Nbd2 c5 6. e4 Nc6 7. O-O b6 8. Re1 Bb7 9. c3 Qc7 10. a3 O-O 11. e5 Nd7 12. Qe2 b5 13. h4 a5 14. Nf1 b4 15. Bf4 Nb6 16. N1h2 bxc3 17. bxc3 d4 18. c4 Rfd8 19. Ng4 Bf8 20. Ng5 h6 21. Ne4 Ne7 22. Ngf6+ Kh8 23. Nd6 Nc6 24. Nxb7 Qxb7 25. Bxh6 1-0

[Event "7th Iberoamerican-ch 2019"]
[Site "Linares"]
[Date "2019.08.13"]
[Round "4.22"]
[White "Serarols Mabras, Bernat"]
[Black "Damaso, Rui"]
[Result "1/2-1/2"]
[ECO "A57"]
[WhiteElo "2381"]
[BlackElo "2425"]
[Annotator "NA"]
[PlyCount "59"]
[EventDate "2019.08.10"]
[EventType "swiss"]
[EventCountry "ESP"]
[SourceTitle "playchess.com"]
[Source "ChessBase"]
[SourceQuality "1"]
[TimeControl "5400+30"]

1. d4 Nf6 2. c4 c5 3. d5 b5 4. cxb5 a6 5. e3 e6 6. Nc3 exd5 7. Nxd5 Bb7 8. Nxf6+ Qxf6 9. Nf3 Bd6 10. a4 O-O 11. Rb1 Bc7 12. Bd2 d5 13. Be2 axb5 14. axb5 Nd7 15. O-O Rfe8 16. Bc3 Qh6 17. g3 Nf6 18. Bxf6 Qxf6 19. b4 d4 20. bxc5 d3 21. Qxd3 Bxf3 22. Bxf3 Qxf3 23. b6 Be5 24. Qb5 h5 25. Rb4 Re6 26. Rc4 Rg6 27. b7 Bxg3 28. hxg3 Rxg3+ 29. fxg3 Qxg3+ 30. Kh1 1/2-1/2

[Event "7th Iberoamerican-ch 2019"]
[Site "Linares"]
[Date "2019.08.13"]
[Round "4.23"]
[White "Esquivias Quintero, Luis Manuel"]
[Black "Gines Esteo, Pedro Antonio"]
[Result "0-1"]
[ECO "B12"]
[WhiteElo "2275"]
[BlackElo "2404"]
[Annotator "NA"]
[PlyCount "82"]
[EventDate "2019.08.10"]
[EventType "swiss"]
[EventCountry "ESP"]
[SourceTitle "playchess.com"]
[Source "ChessBase"]
[SourceQuality "1"]
[TimeControl "5400+30"]

1. e4 c6 2. d4 d5 3. e5 Bf5 4. h4 h5 5. c4 e6 6. Nc3 Nd7 7. cxd5 cxd5 8. Bd3 Bxd3 9. Qxd3 Nh6 10. Bg5 Be7 11. Nb5 f6 12. exf6 gxf6 13. Qg6+ Nf7 14. Bf4 e5 15. Be3 Qa5+ 16. Nc3 Nf8 17. Qf5 Nd6 18. Qh3 b5 19. Nge2 b4 20. Nd1 Qa6 21. Rc1 Rd8 22. Qf3 Ne4 23. O-O Ng6 24. Re1 Qe6 25. g3 Qh3 26. Qg2 Qf5 27. Kh2 Kf7 28. b3 Rc8 29. Nb2 Bd6 30. Qh3 Ne7 31. Qg2 Rhg8 32. Rxc8 Rxc8 33. Rc1 Nc3 34. Nxc3 bxc3 35. Na4 c2 36. dxe5 fxe5 37. Qf1 Ba3 38. Re1 Bb4 39. Rc1 d4 40. Bg5 d3 41. Bxe7 Kxe7 0-1

[Event "7th Iberoamerican-ch 2019"]
[Site "Linares"]
[Date "2019.08.13"]
[Round "4.24"]
[White "Forgas Moreno, Yaniela"]
[Black "Merario Alarcon, Andres"]
[Result "1/2-1/2"]
[ECO "B92"]
[WhiteElo "2272"]
[BlackElo "2400"]
[Annotator "NA"]
[PlyCount "148"]
[EventDate "2019.08.10"]
[EventType "swiss"]
[EventCountry "ESP"]
[SourceTitle "playchess.com"]
[Source "ChessBase"]
[SourceQuality "1"]
[TimeControl "5400+30"]

1. e4 c5 2. Nf3 d6 3. d4 cxd4 4. Nxd4 Nf6 5. Nc3 a6 6. Be2 e5 7. Nb3 Be7 8. O-O O-O 9. Kh1 b6 10. Be3 Bb7 11. f3 b5 12. a4 b4 13. Nd5 Nxd5 14. exd5 Nd7 15. a5 Rc8 16. Bd3 Nf6 17. Be4 Nxe4 18. fxe4 Qc7 19. Rc1 f5 20. Bb6 Qd7 21. exf5 Qb5 22. c4 bxc3 23. bxc3 Qxd5 24. Qxd5+ Bxd5 25. Nd2 Bg5 26. Rcd1 Bb7 27. Nf3 Bf4 28. Ne1 Rxf5 29. Rxd6 Rh5 30. Bg1 Rh6 31. Rxh6 Bxh6 32. Nd3 Rxc3 33. Nxe5 Rc2 34. Rf2 Rc1 35. Nd7 g6 36. Nf6+ Kg7 37. Ng4 Bg5 38. Re2 h5 39. Ne5 Ra1 40. Nc4 Bf6 41. Rd2 Bc6 42. Rd6 Bb5 43. Ne3 Rxa5 44. Nd5 Bb2 45. Nc7 Bc4 46. Rc6 Bd3 47. Rd6 Ra3 48. Ne6+ Kf7 49. h4 Ke7 50. Rb6 Ra2 51. Bc5+ Ke8 52. Nf4 Bf5 53. Nxg6 a5 54. Kh2 a4 55. Kg3 a3 56. Kf4 Bxg6 57. Rxg6 Ra1 58. Ra6 a2 59. Kg5 Kd7 60. Be3 Bc3 61. Bf4 Ke8 62. g3 Kf7 63. Kxh5 Bf6 64. Ra7+ Ke6 65. Kg6 Bxh4 66. Ra6+ Kd5 67. Ra5+ Ke4 68. Ra4+ Kd5 69. Ra5+ Ke4 70. Ra4+ Kd5 71. Ra5+ Kc6 72. Be5 Rg1 73. Rxa2 Bxg3 74. Bxg3 Rxg3+ 1/2-1/2

[Event "7th Iberoamerican-ch 2019"]
[Site "Linares"]
[Date "2019.08.13"]
[Round "4.25"]
[White "Teran Alvarez, Ismael"]
[Black "Almagro Mazariegos, Sebastian"]
[Result "1/2-1/2"]
[ECO "B53"]
[WhiteElo "2392"]
[BlackElo "2268"]
[Annotator "NA"]
[PlyCount "75"]
[EventDate "2019.08.10"]
[EventType "swiss"]
[EventCountry "ESP"]
[SourceTitle "playchess.com"]
[Source "ChessBase"]
[SourceQuality "1"]
[TimeControl "5400+30"]

1. e4 c5 2. Nf3 d6 3. d4 cxd4 4. Qxd4 a6 5. h3 Nc6 6. Qe3 Nf6 7. c4 e6 8. Be2 Be7 9. O-O O-O 10. Rd1 Qc7 11. Nc3 b6 12. b3 Bb7 13. Bb2 Rfd8 14. Rac1 Ne5 15. Nd4 Ned7 16. Nd5 exd5 17. cxd5 Qb8 18. Nc6 Bxc6 19. dxc6 Nc5 20. b4 Ne6 21. e5 Ne8 22. f4 dxe5 23. Bxe5 Bd6 24. Rxd6 Rxd6 25. f5 N6c7 26. Bxd6 Nxd6 27. Bf3 Nxf5 28. Qf2 g6 29. Rd1 b5 30. Rd7 Ne6 31. c7 Nxc7 32. Bxa8 Nxa8 33. Qa7 Qe8 34. Rb7 Qe1+ 35. Kh2 Qg3+ 36. Kg1 Qe1+ 37. Kh2 Qg3+ 38. Kg1 1/2-1/2

[Event "7th Iberoamerican-ch 2019"]
[Site "Linares"]
[Date "2019.08.13"]
[Round "4.26"]
[White "Romero Berruezo, Francisco"]
[Black "Gavarrete, Nahun"]
[Result "1/2-1/2"]
[ECO "A05"]
[WhiteElo "2161"]
[BlackElo "2344"]
[Annotator "NA"]
[PlyCount "91"]
[EventDate "2019.08.10"]
[EventType "swiss"]
[EventCountry "ESP"]
[SourceTitle "playchess.com"]
[Source "ChessBase"]
[SourceQuality "1"]
[TimeControl "5400+30"]

1. Nf3 Nf6 2. c4 g6 3. Nc3 d5 4. cxd5 Nxd5 5. Qa4+ Nc6 6. d3 Bg7 7. Bd2 O-O 8. g3 e5 9. Bg2 Nb6 10. Qh4 Qxh4 11. Nxh4 Nd4 12. Rc1 c6 13. h3 Be6 14. e3 g5 15. Nf3 Nxf3+ 16. Bxf3 Rad8 17. Be2 h6 18. h4 g4 19. e4 f5 20. exf5 Bxf5 21. Ne4 Rd4 22. Be3 Bxe4 23. dxe4 Rxe4 24. b3 Nd5 25. Bd3 Rxe3+ 26. fxe3 Rf3 27. Rg1 b5 28. Rxc6 Rxe3+ 29. Be2 e4 30. Rg6 Kh7 31. Rxg4 Bc3+ 32. Kd1 Bf6 33. Rg2 h5 34. Rxe4 Nc3+ 35. Kd2 Rxe4 36. Bd3 Kg7 37. Bxe4 Nxe4+ 38. Ke3 Nd6 39. g4 hxg4 40. Rxg4+ Kf7 41. a4 Bxh4 42. axb5 Ke6 43. Kd3 Bd8 44. Rg6+ Kd5 45. Rg7 Bb6 46. Rg5+ {[%emt 0:00:23] Ke5 Ke4+} 1/2-1/2

[Event "7th Iberoamerican-ch 2019"]
[Site "Linares"]
[Date "2019.08.13"]
[Round "4.27"]
[White "Martinez-Conde Hernandez, Carlos"]
[Black "Blanco Acevedo, Cristobal Jose"]
[Result "1/2-1/2"]
[ECO "B33"]
[WhiteElo "2085"]
[BlackElo "2342"]
[Annotator "NA"]
[PlyCount "120"]
[EventDate "2019.08.10"]
[EventType "swiss"]
[EventCountry "ESP"]
[SourceTitle "playchess.com"]
[Source "ChessBase"]
[SourceQuality "1"]
[TimeControl "5400+30"]

1. e4 c5 2. Nf3 Nc6 3. d4 cxd4 4. Nxd4 Nf6 5. Nc3 e5 6. Ndb5 d6 7. Bg5 a6 8. Na3 b5 9. Nd5 Be7 10. Bxf6 Bxf6 11. c4 b4 12. Nc2 O-O 13. g3 Bg5 14. Bg2 Qa5 15. O-O Rb8 16. f4 Qc5+ 17. Kh1 Bh6 18. Nce3 Kh8 19. b3 Nd4 20. Qh5 exf4 21. gxf4 f5 22. Rad1 Be6 23. exf5 Nxf5 24. Nxf5 Rxf5 25. Qh4 Re8 26. Rde1 Rff8 27. f5 Bxd5 28. Bxd5 Rxe1 29. Rxe1 Qc8 30. Qh5 Qd8 31. Re6 Bg5 32. Qe2 Bf6 33. Qe4 h6 34. Qg4 Be5 35. Qh5 Qg5 36. Qxg5 hxg5 37. Re7 Bd4 38. Bf7 Kh7 39. Bg6+ Kh6 40. Rd7 Rf6 41. h3 g4 42. h4 Rf8 43. Rxd6 Bf6 44. Rxa6 Bxh4 45. Rd6 Kg5 46. Kg2 Be1 47. Re6 Bc3 48. c5 Ra8 49. Re4 Rxa2+ 50. Kg3 Rc2 51. c6 Bd2 52. Rxg4+ Kf6 53. Be8 Ke7 54. Bd7 Bc3 55. Kf3 Kd6 56. Rc4 Kc7 57. Be6 Rd2 58. Ke4 Re2+ 59. Kd3 Rd2+ 60. Ke4 Re2+ 1/2-1/2

[Event "7th Iberoamerican-ch 2019"]
[Site "Linares"]
[Date "2019.08.13"]
[Round "4.28"]
[White "Guerrero Vargas, Andres Jesus"]
[Black "Silva, Goncalo Nuno Neto Pi"]
[Result "0-1"]
[ECO "B24"]
[WhiteElo "2331"]
[BlackElo "2085"]
[Annotator "NA"]
[PlyCount "118"]
[EventDate "2019.08.10"]
[EventType "swiss"]
[EventCountry "ESP"]
[SourceTitle "playchess.com"]
[Source "ChessBase"]
[SourceQuality "1"]
[TimeControl "5400+30"]

1. e4 c5 2. Nc3 Nc6 3. Bb5 g6 4. Bxc6 dxc6 5. d3 Bg7 6. Be3 b6 7. Qd2 e5 8. Nge2 Nf6 9. Bh6 Bxh6 10. Qxh6 Ng4 11. Qd2 Be6 12. f3 Nf6 13. O-O-O Qe7 14. f4 Nd7 15. Rhf1 f6 16. f5 Bf7 17. g4 g5 18. Rh1 O-O-O 19. h4 h6 20. Rh2 Rhf8 21. b3 b5 22. Qe3 Nb6 23. hxg5 hxg5 24. Rh7 c4 25. dxc4 Rxd1+ 26. Kxd1 bxc4 27. Ke1 Kb8 28. Kf2 Qd6 29. Nc1 Bg8 30. Rh1 Qe7 31. a4 cxb3 32. cxb3 Rd8 33. a5 Nd7 34. Na4 Qb4 35. Rd1 Qxa5 36. Qd3 Kc8 37. Qd6 Nb8 38. Qxd8+ Qxd8 39. Rxd8+ Kxd8 40. Ke3 Kc7 41. Kd3 Kd6 42. Kc3 Bf7 43. Kb4 Na6+ 44. Kc3 Nc7 45. b4 Nb5+ 46. Kd3 Nd4 47. Nb2 c5 48. bxc5+ Kxc5 49. Kc3 a5 50. Ncd3+ Kb5 51. Nd1 a4 52. Ne3 a3 53. Nc1 Bg8 54. Nd1 Nf3 55. Ne3 a2 56. Kb2 Nd2 57. Nxa2 Bxa2 58. Kxa2 Kc5 59. Nd5 Nxe4 0-1

[Event "7th Iberoamerican-ch 2019"]
[Site "Linares"]
[Date "2019.08.13"]
[Round "4.29"]
[White "Roselli Mailhe, Bernardo"]
[Black "Sanchez Jerez, Emilio Miguel"]
[Result "1-0"]
[ECO "A41"]
[WhiteElo "2471"]
[BlackElo "2232"]
[Annotator "ChessBase"]
[PlyCount "101"]
[EventDate "2019.08.10"]
[EventType "swiss"]
[EventCountry "ESP"]
[SourceTitle "playchess.com"]
[Source "ChessBase"]
[SourceQuality "1"]
[TimeControl "5400+30"]

1. d4 d6 2. c4 e5 3. Nf3 e4 4. Nfd2 f5 5. e3 Nf6 6. Nc3 c5 7. d5 g6 8. f3 exf3 9. Nxf3 Bg7 10. Bd3 O-O 11. O-O Qe7 12. Qc2 Ng4 13. Kh1 Nd7 14. Bd2 Nde5 15. Rae1 Nxd3 16. Qxd3 a6 17. a4 Bd7 18. b3 Ne5 19. Nxe5 Bxe5 20. Ne2 b5 21. a5 b4 22. Qb1 Rae8 23. Ng1 Qd8 24. Qa2 Bg7 25. Re2 Re4 26. Be1 Qe7 27. Bg3 h5 28. Rf4 Rxe3 29. h4 Rxe2 30. Qxe2 Qd8 31. Rf3 Bf6 32. Bxd6 Re8 33. Re3 Rxe3 34. Qxe3 Qxa5 35. Qh6 Bg7 36. Qxg6 Qd8 37. Nf3 Be8 38. Qe6+ Bf7 39. Qe7 Qxe7 40. Bxe7 Bf8 41. Bxf8 Kxf8 42. Ne5 Ke7 43. d6+ Kxd6 44. Nxf7+ Ke6 45. Ng5+ Ke5 46. Kg1 a5 47. Kf2 a4 48. bxa4 Kd4 49. a5 b3 50. Nf3+ Kc3 51. Ke2 {[%emt 0:00:11] Kd3+ Kf2} 1-0

[Event "7th Iberoamerican-ch 2019"]
[Site "Linares"]
[Date "2019.08.13"]
[Round "4.30"]
[White "Lopez Mulet, Inigo"]
[Black "Fernandez Ayuso, Sergio"]
[Result "1-0"]
[ECO "E69"]
[WhiteElo "2378"]
[BlackElo "2173"]
[Annotator "NA"]
[PlyCount "99"]
[EventDate "2019.08.10"]
[EventType "swiss"]
[EventCountry "ESP"]
[SourceTitle "playchess.com"]
[Source "ChessBase"]
[SourceQuality "1"]
[TimeControl "5400+30"]

1. d4 Nf6 2. c4 g6 3. g3 Bg7 4. Bg2 O-O 5. Nc3 d6 6. Nf3 c6 7. O-O Nbd7 8. e4 e5 9. h3 Qe7 10. Be3 b6 11. Re1 Bb7 12. Qd2 Rfe8 13. Bh6 Bxh6 14. Qxh6 Qf8 15. Qd2 Rad8 16. Qc2 h6 17. Re2 Kg7 18. d5 c5 19. Rf1 Qe7 20. Ne1 Nh5 21. Nd3 Kh7 22. a3 Rc8 23. Kh2 f6 24. Nd1 Ng7 25. Ne3 Rb8 26. b4 Rec8 27. Qd2 h5 28. f4 Ra8 29. Ref2 cxb4 30. axb4 Rf8 31. b5 a5 32. bxa6 Rxa6 33. Nb4 Raa8 34. Nc6 Qe8 35. Qb4 exf4 36. Rxf4 Bxc6 37. dxc6 Nc5 38. Nd5 Nd3 39. Qxd6 Nxf4 40. Qxf4 Qxc6 41. Nxf6+ Rxf6 42. Qxf6 Qxf6 43. Rxf6 Rc8 44. Bf1 Re8 45. Rxb6 Rxe4 46. Bd3 Re6 47. c5 Kh6 48. h4 Kh7 49. Kg2 Kh8 50. Bxg6 1-0

[Event "7th Iberoamerican-ch 2019"]
[Site "Linares"]
[Date "2019.08.13"]
[Round "4.31"]
[White "Garcia Martin, Marta"]
[Black "Vega Gutierrez, Belinda"]
[Result "1-0"]
[ECO "C55"]
[WhiteElo "2335"]
[BlackElo "2133"]
[Annotator "NA"]
[PlyCount "87"]
[EventDate "2019.08.10"]
[EventType "swiss"]
[EventCountry "ESP"]
[SourceTitle "playchess.com"]
[Source "ChessBase"]
[SourceQuality "1"]
[TimeControl "5400+30"]

1. e4 e5 2. Nf3 Nc6 3. Bc4 Nf6 4. d3 Be7 5. O-O O-O 6. Re1 d6 7. a4 Be6 8. Nbd2 Bxc4 9. Nxc4 Re8 10. a5 a6 11. c3 Qd7 12. Qb3 Bf8 13. Bg5 Nh5 14. h3 h6 15. Bd2 Nf6 16. Ne3 g6 17. Nh2 Bg7 18. Nhg4 Nxg4 19. hxg4 Ne7 20. Ra4 Rab8 21. g3 Red8 22. c4 Nc6 23. Qd1 Nd4 24. Ra1 c6 25. Kg2 Rf8 26. Bc3 Rbd8 27. Rh1 Qe7 28. f4 exf4 29. gxf4 f5 30. Bxd4 Bxd4 31. gxf5 Bxe3 32. Qg4 Qg7 33. Kf3 h5 34. Qg5 Bd4 35. fxg6 Rf6 36. f5 Rdf8 37. Ke2 d5 38. Rxh5 Rxf5 39. exf5 Qe5+ 40. Kf3 Re8 41. Qd2 Be3 42. Qh2 Bf4 43. Rh8+ Qxh8 44. Qxh8+ 1-0

[Event "7th Iberoamerican-ch 2019"]
[Site "Linares"]
[Date "2019.08.13"]
[Round "4.32"]
[White "Garcia, Jhoel"]
[Black "Gil Quilez, Sonia"]
[Result "0-1"]
[ECO "D52"]
[WhiteElo "2290"]
[BlackElo "2077"]
[Annotator "NA"]
[PlyCount "61"]
[EventDate "2019.08.10"]
[EventType "swiss"]
[EventCountry "ESP"]
[SourceTitle "playchess.com"]
[Source "ChessBase"]
[SourceQuality "1"]
[TimeControl "5400+30"]

1. Nf3 d5 2. d4 Nf6 3. c4 c6 4. Nc3 e6 5. Bg5 Nbd7 6. e3 Qa5 7. Nd2 dxc4 8. Bh4 b5 9. a4 Qb6 10. Be2 a6 11. O-O Bb7 12. b3 Nd5 13. Qc2 Bb4 14. Nce4 c3 15. Nb1 c5 16. dxc5 Nxc5 17. Nbxc3 Nxe4 18. Nxe4 Nxe3 19. fxe3 Qxe3+ 20. Nf2 Bc3 21. Rad1 b4 22. Qd3 Qxd3 23. Nxd3 Rc8 24. Bf2 Bd5 25. Nc5 a5 26. Bf3 Bxf3 27. gxf3 Bf6 28. Nb7 Ra8 29. Bb6 O-O 30. Nxa5 Rfb8 31. Nc4 0-1

[Event "7th Iberoamerican-ch 2019"]
[Site "Linares"]
[Date "2019.08.13"]
[Round "4.33"]
[White "Moral Garcia, Serafin"]
[Black "Paiva, Henrique M A Alberga"]
[Result "1-0"]
[ECO "D00"]
[WhiteElo "2283"]
[BlackElo "2122"]
[Annotator "NA"]
[PlyCount "97"]
[EventDate "2019.08.10"]
[EventType "swiss"]
[EventCountry "ESP"]
[SourceTitle "playchess.com"]
[Source "ChessBase"]
[SourceQuality "1"]
[TimeControl "5400+30"]

1. d4 d5 2. Nc3 Nf6 3. Bf4 c6 4. e3 Bf5 5. f3 h6 6. g4 Bg6 7. h4 Nbd7 8. Bd3 Bxd3 9. Qxd3 Qa5 10. e4 dxe4 11. fxe4 e5 12. Bd2 Qc7 13. d5 O-O-O 14. g5 hxg5 15. Bxg5 Nc5 16. Qf3 Be7 17. O-O-O Kb8 18. Nge2 cxd5 19. exd5 a6 20. Ng3 Qb6 21. Nf5 Bf8 22. Rhf1 Rd7 23. Qg3 Bd6 24. Bxf6 gxf6 25. Qg7 Qd8 26. Qg4 Rg8 27. Qe2 Qb6 28. h5 e4 29. Nxd6 Qxd6 30. Rf5 Rg5 31. Nxe4 Nxe4 32. Qxe4 Re7 33. Qf3 Rc7 34. c3 Qh2 35. Rxg5 fxg5 36. Qg4 Qd6 37. Qxg5 f6 38. Qf5 b5 39. Kb1 b4 40. cxb4 Rc4 41. a3 Qh2 42. d6 Rf4 43. Qc2 Rf2 44. Qb3 Rd2 45. Rxd2 Qxd2 46. Qe6 Kb7 47. Qf7+ Kc6 48. Qc7+ Kd5 49. d7 1-0